 Dungeon Crawl Stone Soup version 0.24-a0-217-g1152973720 (webtiles) character file.

Game seed: 5429664908385160193

826 Redear the Magician (level 7, -4/36 HPs)
             Began as a Deep Elf Wizard on Mar 30, 2019.
             Shot with an arrow by a centaur (15 damage)
             ... on level 6 of the Dungeon.
             The game lasted 00:25:23 (6156 turns).

Redear the Magician (Deep Elf Wizard)               Turns: 6156, Time: 00:25:24

Health: -4/36      AC:  5    Str:  6    XL:     7   Next: 64%
Magic:  7/17       EV: 12    Int: 23    God:
Gold:   298        SH:  0    Dex: 13    Spells: 6/17 levels left

rFire    . . .     SeeInvis .   m - +0 spear
rCold    . . .     Gourm    .   (no shield)
rNeg     . . .     Faith    .   a - +0 robe
rPois    .         Spirit   .   b - +0 hat
rElec    .         Reflect  .   (no cloak)
rCorr    .         Harm     .   o - +0 pair of gloves
MR       .....     Clarity  +   (no boots)
Stlth    ++........             (no amulet)
HPRegen  0.12/turn              (no ring)
MPRegen  0.15/turn              (no ring)

@: very slightly contaminated, hasted, lightly drained, very quick
A: horns 1, yellow scales 1, clarity
a: no special abilities


You were on level 6 of the Dungeon.
You were not hungry.

You visited 2 branches of the dungeon, and saw 7 of its levels.

You collected 298 gold pieces.

Inventory:

Hand Weapons
 e - a +0 hunting sling
 g - a +1 vampiric short sword {!w}
 j - a +0 hunting sling
 k - a +1 quarterstaff of draining
 m - a +0 spear (weapon)
Missiles
 c - 42 poisoned needles
 q - 5 tomahawks
 Q - 83 stones (quivered)
Armour
 a - a +0 robe (worn)
 b - a +0 hat (worn)
 o - a +0 pair of gloves (worn)
 u - a +1 helmet
Wands
 p - a wand of flame (17)
 r - a wand of paralysis (4)
 s - a wand of polymorph (11)
Scrolls
 f - 2 scrolls of fog
 h - a scroll of remove curse
 t - 3 scrolls of teleportation
 v - a scroll of amnesia
 x - a scroll of vulnerability {!r}
 y - a scroll of enchant armour
Potions
 l - 2 potions of haste
 n - a potion of heal wounds
 w - a potion of resistance
Comestibles
 d - 13 rations


   Skills:
 - Level 2.4(2.3) Dodging
 - Level 2.4(2.3) Stealth
 - Level 5.7(5.6) Spellcasting
 - Level 3.1(2.9) Conjurations
 - Level 2.1(2.0) Summonings
 - Level 2.1(2.0) Translocations
 + Level 5.3(5.2) Fire Magic
 + Level 5.3(5.2) Poison Magic


You had 6 spell levels left.
You knew the following spells:

 Your Spells              Type           Power        Failure   Level  Hunger
a - Magic Dart            Conj           ###.         2%          1    None
b - Blink                 Tloc           N/A          6%          2    None
c - Call Imp              Summ           ###.....     6%          2    None
d - Conjure Flame         Conj/Fire      ####....     4%          3    ##.....
x - Mephitic Cloud        Conj/Pois/Air  ###.....     9%          3    ##.....

Your spell library contained the following spells:

 Spells                   Type           Power        Failure   Level  Hunger
 Confusing Touch          Hex            #.....       9%          1    None
 Gell's Gravitas          Tloc           ###.......   12%         3    ##.....
 Slow                     Hex            #.......     14%         2    None
 Confuse                  Hex            #.......     26%         3    ##.....
 Petrify                  Tmut/Erth      #.......     65%         4    ####...
 Metabolic Englaciation   Hex/Ice        #.........   94%         5    #####..
 Yara's Violent Unravell  Hex/Tmut       #.........   94%         5    #####..


Dungeon Overview and Level Annotations

Branches:
Dungeon (6/15)             Temple (1/1) D:5

Altars:
Ashenzari
Cheibriados
Elyvilon
Gozag
Hepliaklqana
Makhleb
Okawaru
Qazlal
Ru
Trog
Uskayaw
Xom
Zin
The Shining One

Annotations:
D:3 2 transporters, Redear's ghost, novice HuFE
D:4 exclusions: Grinder and centaur, Grinder


Innate Abilities, Weirdness & Mutations

You have a pair of small horns on your head.
You are partially covered in yellow scales. (AC +2)
You possess an exceptional clarity of mind.


Message History

Unknown command.
Unknown command.
The centaur skeleton closely misses your crimson imp.
The scorpion completely misses your crimson imp.
The centaur skeleton closely misses your crimson imp.
Your crimson imp blinks!
Something stings your crimson imp.
The centaur skeleton hits your crimson imp.
Your crimson imp blinks!
Your crimson imp disappears in a puff of smoke!
The centaur seems less confused.
The centaur shoots an arrow.
The arrow hits you.
* * * LOW HITPOINT WARNING * * *
You see here an arrow.
You take 5 damage, and have 11/36 hp.
Aim: a centaur, wielding a +0 shortbow (lightly wounded)
You miscast Mephitic Cloud.
You are very lightly contaminated with residual magic.
You feel faint for a moment.
The centaur shoots an arrow.
The arrow hits you!
You die...

.... .....## ..
#.#.####.#. #####
#.#...#..## .....
#...#.#[.##
.............#.
#.....§§##...............
#..#.c§##...............
#.(<.........?.....!....
##..##..#.5..........5."Z
#...##..@(....%..........
#...#.h##.........h......
#.#sZ.###..#.....<.......
#.#.z..h........)÷..(....
#.#.#........######...##.
...z........## #.....
.............# .....
#............## ....
................ ...


You could see a centaur, a scorpion, a wight, a shadow imp, a jackal and a
centaur skeleton.

Levels and vault maps discovered:
D:1:      minmay_arrival_hallway, layout_basic
D:2:      layout_basic
D:3:      layout_loops_ring, regret_index_temple_of_mockery,
          gammafunk_ghost_gnarly_gnolls
D:4:      layout_gridville, uniq_grinder
D:5:      layout_basic, minmay_temple_entry_glassed_door, first_ration
D:6:      layout_rooms, lemuel_doored_altar, uniq_crazy_yiuf_cottage
Temple:   minmay_temple_bridge_abc

Notes
Turn   | Place    | Note
-------+----------+-------------------------------------------
     0 | D:1      | Redear the Deep Elf Wizard began the quest for the Orb.
     0 | D:1      | Reached XP level 1. HP: 10/10 MP: 7/7
    40 | D:1      | Identified a +0 club
   127 | D:1      | Identified a +0 club
   141 | D:1      | Identified a +0 club
   145 | D:1      | Reached XP level 2. HP: 15/15 MP: 0/9
   204 | D:1      | Identified a +0 spear (You found it on level 1 of the
                  | Dungeon)
   310 | D:1      | Reached skill level 2 in Conjurations
   441 | D:1      | Reached skill level 5 in Spellcasting
   512 | D:1      | Identified a +0 club
   673 | D:1      | Identified a +0 club
   682 | D:1      | Learned a level 2 spell: Blink
   685 | D:1      | Learned a level 2 spell: Call Imp
   918 | D:2      | Reached XP level 3. HP: 19/19 MP: 3/11
  1213 | D:2      | Identified a +0 dagger
  1312 | D:2      | Identified a +0 dagger
  1336 | D:2      | Identified a +0 club
  1442 | D:2      | Identified a +0 club
  1508 | D:2      | Identified a +0 flail
  1526 | D:2      | Reached XP level 4. HP: 13/24 MP: 8/13
  1649 | D:2      | Identified a +0 club
  1800 | D:3      | Identified a +0 halberd of chaos
  1829 | D:3      | Identified a +0 short sword
  1835 | D:3      | Identified a cursed -1 club
  1836 | D:3      | Reached skill level 2 in Translocations
  1889 | D:3      | Reached skill level 3 in Conjurations
  1891 | D:3      | Identified a +0 club
  1893 | D:3      | Reached skill level 2 in Summonings
  1926 | D:3      | Identified a cursed -2 spear
  1951 | D:3      | Found a hazy altar of Hepliaklqana.
  1952 | D:3      | Found a shimmering altar of Xom.
  1952 | D:3      | Noticed an insubstantial wisp
  1953 | D:3      | Noticed a spectral ugly thing
  1953 | D:3      | Noticed an insubstantial wisp
  2013 | D:3      | Identified a +0 scale mail
  2147 | D:3      | Identified a +0 short sword
  2185 | D:3      | Identified a +0 blowgun
  2227 | D:3      | Identified a +0 club
  2256 | D:3      | Learned a level 3 spell: Conjure Flame
  2260 | D:3      | Learned a level 3 spell: Mephitic Cloud
  2272 | D:3      | Found a transporter.
  2350 | D:3      | Found a transporter.
  2350 | D:3      | Identified a +2 spear of venom
  2351 | D:3      | Identified a +0 halberd
  2355 | D:3      | Identified an uncursed ring of see invisible
  2360 | D:3      | Noticed Redear's ghost (novice HuFE)
  2558 | D:4      | Identified a +0 pair of gloves (You found it on level 4 of
                  | the Dungeon)
  2596 | D:4      | Reached XP level 5. HP: 28/28 MP: 8/15
  2705 | D:4      | Noticed a phantom
  2786 | D:4      | Killed a phantom
  2786 | D:4      | Reached skill level 1 in Fire Magic
  2786 | D:4      | Reached skill level 1 in Poison Magic
  2890 | D:4      | Identified a +0 shortbow
  2890 | D:4      | Noticed a centaur
  2938 | D:4      | Noticed Grinder
  3007 | D:4      | Reached skill level 2 in Fire Magic
  3007 | D:4      | Reached skill level 2 in Poison Magic
  3082 | D:4      | Identified 4 potions of haste
  3099 | D:4      | HP: 7/28 [poisoned by a worker ant]
  3104 | D:4      | HP: 6/28 [poisoned by a worker ant]
  3110 | D:4      | HP: 6/28 [poisoned by a worker ant]
  3116 | D:4      | HP: 5/28 [poisoned by a worker ant]
  3122 | D:4      | HP: 4/28 [poisoned by a worker ant]
  3597 | D:4      | Reached XP level 6. HP: 21/32 MP: 2/16
  3860 | D:5      | Entered Level 5 of the Dungeon
  3923 | D:5      | Reached skill level 3 in Fire Magic
  3923 | D:5      | Reached skill level 3 in Poison Magic
  4043 | D:5      | Noticed an ice beast
  4056 | D:5      | Killed an ice beast
  4087 | D:5      | Identified a +1 helmet (You found it on level 5 of the
                  | Dungeon)
  4093 | D:5      | Identified 9 scrolls of identify
  4093 | D:5      | Identified 3 scrolls of teleportation
  4094 | D:5      | Identified 2 scrolls of fog
  4095 | D:5      | Identified a scroll of remove curse
  4096 | D:5      | Identified a potion of heal wounds
  4281 | D:5      | Identified a +0 shortbow
  4427 | D:5      | Identified a cursed -3 club
  4539 | D:5      | Reached skill level 4 in Fire Magic
  4539 | D:5      | Reached skill level 4 in Poison Magic
  4578 | D:5      | Found a staircase to the Ecumenical Temple.
  4584 | Temple   | Entered the Ecumenical Temple
  4804 | D:5      | Reached XP level 7. HP: 36/36 MP: 10/17
  5019 | D:5      | Identified a +0 giant club
  5135 | D:6      | Identified a +1 vampiric whip
  5135 | D:6      | Identified a +0 ring mail
  5140 | D:6      | Identified a cursed -1 trident
  5140 | D:6      | Identified a +0 robe
  5142 | D:6      | Identified a cursed +1 scimitar
  5142 | D:6      | Identified a +0 robe
  5145 | D:6      | Identified a +0 dagger
  5145 | D:6      | Identified a +0 robe
  5416 | D:6      | Identified a +0 giant spiked club
  5427 | D:6      | Reached skill level 5 in Fire Magic
  5427 | D:6      | Reached skill level 5 in Poison Magic
  5875 | D:6      | Identified a +0 shortbow
  6050 | D:5      | Identified a scroll of vulnerability
  6051 | D:5      | Identified 2 potions of mutation
  6052 | D:5      | Identified a potion of resistance
  6053 | D:5      | Identified a scroll of amnesia
  6054 | D:5      | Identified a scroll of enchant armour
  6058 | D:5      | Gained mutation: You occasionally shout uncontrollably at
                  | your foes. [potion of mutation]
  6058 | D:5      | Gained mutation: You are dopey. (Int -2) [potion of
                  | mutation]
  6058 | D:5      | Gained mutation: You are partially covered in yellow
                  | scales. (AC +2) [potion of mutation]
  6059 | D:5      | Lost mutation: You are partially covered in yellow scales.
                  | (AC +2) [potion of mutation]
  6059 | D:5      | Lost mutation: You occasionally shout uncontrollably at
                  | your foes. [potion of mutation]
  6059 | D:5      | Lost mutation: You are dopey. (Int -2) [potion of mutation]
  6059 | D:5      | Gained mutation: You possess an exceptional clarity of
                  | mind. [potion of mutation]
  6059 | D:5      | Gained mutation: You have a pair of small horns on your
                  | head. [potion of mutation]
  6059 | D:5      | Gained mutation: You are partially covered in yellow
                  | scales. (AC +2) [potion of mutation]
  6065 | D:5      | Identified a +0 hat
  6149 | D:6      | Identified a cursed +1 mace of protection
  6149 | D:6      | Identified a +0 robe
  6149 | D:6      | Identified a cursed +0 long sword
  6149 | D:6      | Identified a +0 robe
  6156 | D:6      | Shot with an arrow by a centaur

Table legend:
 A = Turns spent in this place as a percentage of turns spent in the entire game.
 B = Non-inter-level travel turns spent in this place as a percentage of non-inter-level travel turns spent in the entire game.
 C = Inter-level travel turns spent in this place as a percentage of turns spent in this place.
 D = Turns resting spent in this place as a percentage of non-inter-level travel turns spent in this place.
 E = Turns spent auto-exploring this place as a percentage of non-inter-level travel turns spent in this place.
 F = Non-inter-level travel turns spent in this place divided by the number of levels of this place that you've seen.
                   A       B       C       D       E      F
               +-------+-------+-------+-------+-------+----------------------
         Total | 100.0 | 100.0 |   5.6 |  20.3 |  51.6 | 830.0
       Dungeon |  96.8 |  97.1 |   5.4 |  20.9 |  50.2 | 939.8
        Temple |   3.2 |   2.9 |  11.9 |   0.0 |  98.2 | 171.0
               +-------+-------+-------+-------+-------+----------------------

Table legend:
 A = Kills in this place as a percentage of kills in entire the game.
 B = Kills by you in this place as a percentage of kills by you in the entire game.
 C = Kills by friends in this place as a percentage of kills by friends in the entire game.
 D = Other kills in this place as a percentage of other kills in the entire game.
 E = Experience gained in this place as a percentage of experience gained in the entire game.
 F = Experience gained in this place divided by the number of levels of this place that you have seen.
                   A       B       C       D       E      F
               +-------+-------+-------+-------+-------+----------------------
         Total | 100.0 | 100.0 | 100.0 |   N/A | 100.0 | 168.6
       Dungeon | 100.0 | 100.0 | 100.0 |   N/A | 100.0 | 196.7
               +-------+-------+-------+-------+-------+----------------------

Skill      XL: |  1  2  3  4  5  6  7 |
---------------+----------------------+-----
Conjurations   | 2 3 |  3.1
Spellcasting   | 5 |  5.7
Translocations | 2 |  2.1
Summonings     | 2 |  2.1
Fire Magic     | 2 4 5 |  5.3
Poison Magic   | 2 4 5 |  5.3
Dodging        | |  2.4
Stealth        | |  2.4

Action                   |  1- 3 |  4- 6 |  7- 9 || total
-------------------------+-------+-------+-------++-------
Melee: Unarmed           |    11 |       |       ||    11
       Spear             |    23 |    60 |    82 ||   165
 Cast: Magic Dart        |    92 |   135 |    24 ||   251
       Call Imp          |     5 |    29 |    28 ||    62
       Blink             |     2 |       |     4 ||     6
       Mephitic Cloud    |       |     3 |     4 ||     7
       Conjure Flame     |       |     4 |     7 ||    11
Evoke: Wand              |       |       |     5 ||     5
  Use: Potion            |       |     1 |     3 ||     4
       Scroll            |       |     4 |     5 ||     9
 Stab: Distracted        |     1 |     2 |     1 ||     4
       Paralysed         |       |       |    16 ||    16
       Confused          |       |       |     1 ||     1
  Eat: Chunk             |     2 |     9 |     2 ||    13
       Ration            |       |       |     1 ||     1
Armor: Robe              |     8 |     7 |    14 ||    29
Dodge: Dodged            |    39 |    35 |    51 ||   125

Vanquished Creatures
  2 phantoms
  An ogre (D:5)
  A wight (D:5)
  A bullfrog zombie (D:5)
  A crimson imp (D:5)
  A hound (D:5)
  A bullfrog skeleton (D:4)
  2 worker ants (D:4)
  A hound skeleton (D:4)
  2 gnolls (D:2)
  5 adders
  A shadow imp (D:6)
  An ooze (D:3)
  An adder skeleton (D:4)
  3 worms
  2 dart slugs (D:2)
  4 leopard geckos
  4 orcs
  6 giant cockroaches
  10 goblins
  9 hobgoblins
  2 jackals (D:2)
  5 kobolds
  2 quokkas
  6 bats
  3 frilled lizards
  11 rats
88 creatures vanquished.

Vanquished Creatures (collateral kills)
  An ice beast (D:5)
  An ogre (D:6)
  A centaur (D:5)
  A crimson imp (D:5)
  A jelly (D:5)
  A hound (D:6)
  A worker ant (D:5)
  A hound skeleton (D:6)
  A gnoll (D:2)
  An adder (D:4)
  A worm (D:2)
  A giant cockroach (D:5)
  A jackal (D:6)
13 creatures vanquished.

Grand Total: 101 creatures vanquished
